 Dungeon Crawl Stone Soup version 0.29.1-1-gd02db6906a (webtiles) character file.

Game seed: 10185167446699158179

81 pacmanke6689 the Firebug (level 4, -1/34 HPs)
             Began as a Draconian Fire Elementalist on Sept 16, 2022.
             Slain by Crazy Yiuf
             ... wielding a +4 quarterstaff of chaos
              (13 damage)
             ... on level 2 of the Dungeon.
             The game lasted 00:06:04 (3122 turns).

pacmanke6689 the Firebug (DrFE)                     Turns: 3122, Time: 00:06:05

Health: -1/34      AC:  5    Str: 10    XL:     4   Next: 19%
Magic:  8/8        EV: 12    Int: 18    God:
Gold:   75         SH:  0    Dex: 11    Spells: 5/8 levels left

rFire   . . .      SeeInvis .   g - +2 hand axe (vorpal)
rCold   . . .      Faith    .   (no shield)
rNeg    . . .      Spirit   .   (body armour unavailable)
rPois   .          Reflect  .   (helmet restricted)
rElec   .          Harm     .   (no cloak)
rCorr   .          Rampage  .   (no gloves)
Will    .....                   (no boots)
Stlth   ++........              (no amulet)
HPRegen 0.11/turn               (no ring)
MPRegen 0.11/turn               (no ring)

@: no status effects
A: AC +5, unfitting armour, cold-blooded
a: no special abilities


You were on level 2 of the Dungeon.
You visited 1 branch of the dungeon, and saw 2 of its levels.

You collected 75 gold pieces.

Inventory:

Hand Weapons
 g - a +2 vorpal hand axe (weapon)
Missiles
 d - a throwing net
Scrolls
 c - 2 scrolls of immolation
Potions
 a - 2 potions of magic
 b - a potion of resistance
 e - a potion of flight {unknown}
 f - 3 potions of cancellation
 h - a potion of heal wounds
 i - a potion of degeneration {unknown}


   Skills:
 + Level 0.4 Fighting
 + Level 0.8(0.9) Axes
 + Level 0.1(0.4) Maces & Flails
 + Level 2.0 Dodging
 + Level 2.3 Stealth
 + Level 2.8 Spellcasting
 + Level 1.3 Conjurations
 + Level 3.6 Fire Magic


You had 5 spell levels left.
You knew the following spells:

 Your Spells              Type           Power      Damage    Failure   Level
a - Foxfire               Conj/Fire      44%        2x1d6     6%          1
b - Scorch                Fire           30%        2d7       6%          2

Your spell library contained the following spells:

 Spells                   Type           Power      Damage    Failure   Level
 Conjure Flame            Conj/Fire      11%        6-21      19%         3
 Inner Flame              Hex/Fire       9%         N/A       24%         3
 Flame Wave               Conj/Fire      11%        2d6       52%         4
 Cause Fear               Hex            1%         N/A       86%         4
 Discord                  Hex            1%         N/A       100%        8


Dungeon Overview and Level Annotations

Branches:
Dungeon (2/15)

Altars:

Annotations:
D:2 Crazy Yiuf


Innate Abilities, Weirdness & Mutations

Your plain brown scales are hard. (AC +5)
You cannot fit into any form of body armour.
You are cold-blooded and may be slowed by cold attacks.


Message History

The adder bites you.
You hit the adder.
You kill the adder!
You see here an adder corpse.
Key pressed, stopping explore.
As you read the scroll of identify, it crumbles to dust.
h - a potion of heal wounds
As you read the scroll labelled COARGH TYEVUMM, it crumbles to dust.
You feel strangely unstable.
It was a scroll of teleportation.
Your surroundings suddenly seem different.
You see here 4 stones.
e - a gluggy clear potion
Found a leather armour.
Found 2 stones.
Found a hammer.
Found a runed translucent door.
Crazy Yiuf shouts!
Crazy Yiuf laughs, "Papa illywillydillykilly head!"
You see here a +0 leather armour.
You see here a +0 ring mail.
Things that are here:
a +0 dagger; an adder skeleton You see here 4 stones.
You see here a +0 leather armour.
You open the door.
Crazy Yiuf shouts!
There is an open translucent door here.
You hit Crazy Yiuf. You tail-slap Crazy Yiuf.
Crazy Yiuf is heavily wounded.
Crazy Yiuf completely misses you.
You barely miss Crazy Yiuf. You tail-slap Crazy Yiuf.
Crazy Yiuf is heavily wounded.
Crazy Yiuf hits you with a +4 quarterstaff of chaos!
Crazy Yiuf freezes you!
You hit Crazy Yiuf. You tail-slap Crazy Yiuf.
Crazy Yiuf is severely wounded.
Crazy Yiuf completely misses you.
You barely miss Crazy Yiuf.
Crazy Yiuf is severely wounded.
Crazy Yiuf hits you with a +4 quarterstaff of chaos!
You die...

.......#...##.##.###.###.###.....
######.#...##....................
#.....#############.###....#
######.#...# #.# #....#
.......#...# ##### #.# #....#
.......#...# #..)# #.# ##....
.......#...# #...# #.# #.#.#
.......#...# #.g.# ###.####.#.#
.......#...# #@# #........###
.......#...# ♣♣.♣ #...........
.......#...# ♣.♣♣ ###.########
.......#...# ♣♣.♣ ###.#
...........# ♣.♣♣ #...#
.......##### ♣♣.♣♣ ###.#
.......##### ♣...♣♣ ###.####
.......[..(# ♣....♣ #......#
...........# #....# ###.####


You could see Crazy Yiuf.

Vanquished Creatures
  3 adders (D:2)
  A worm (D:2)
  6 dart slugs
  3 ball pythons (D:1)
  4 endoplasms
  2 giant cockroaches (D:2)
  4 goblins
  3 hobgoblins (D:2)
  3 kobolds
  3 quokkas
  3 bats
  4 rats
39 creatures vanquished.

Vanquished Creatures (others)
  52 foxfires (D:1)
52 creatures vanquished.

Grand Total: 91 creatures vanquished

Notes
Turn   | Place    | Note
-------+----------+-------------------------------------------
     0 | D:1      | pacmanke6689 the Draconian Fire Elementalist began the
                  | quest for the Orb.
     0 | D:1      | Reached XP level 1. HP: 14/14 MP: 3/3
   532 | D:1      | Reached XP level 2. HP: 20/20 MP: 1/5
  1496 | D:1      | Reached XP level 3. HP: 26/26 MP: 4/6
  1499 | D:1      | Learned a level 2 spell: Scorch
  1594 | D:1      | Found a faded altar of an unknown god.
  2555 | D:2      | Reached XP level 4. HP: 31/33 MP: 8/8
  2808 | D:2      | Found a runed translucent door.
  2809 | D:2      | Noticed Crazy Yiuf
  3122 | D:2      | Slain by Crazy Yiuf

Illustrated notes

Levels and vault maps discovered:
D:1:      matt_arrival_grand_opening, layout_loops_corners,
          basic_ecumenical_altar, hex_medium
D:2:      minmay_recursive_quarters, layout_basic, uniq_crazy_yiuf_cottage

Skill      XL: |  1  2  3 |
---------------+----------+-----
Stealth        | 2 |  2.3
Dodging        | 2 |  2.0
Fighting       | |  0.4
Axes           | |  0.8
Maces & Flails | |  0.1
Spellcasting   | |  2.8
Conjurations   | |  1.3
Fire Magic     | |  3.6

Action                   |  1- 3 |  4- 6 || total
-------------------------+-------+-------++-------
Melee: Club              |    17 |       ||    17
       Unarmed           |     5 |       ||     5
       Tailslap          |     7 |     5 ||    12
       Hand axe          |    52 |    11 ||    63
 Cast: Foxfire           |    40 |       ||    40
  Use: Scroll            |     3 |     2 ||     5
 Stab: Sleeping          |     1 |       ||     1
Armor: Skin              |    34 |     3 ||    37
Dodge: Dodged            |    60 |     8 ||    68
